 Dungeon Crawl Stone Soup version 0.29-a0-369-gd956c00756 (webtiles) character file.

Game seed: 17918434853551108209

95 Antichthon the Covered (level 4, -4/29 HPs)
             Began as a Gargoyle Fighter on May 2, 2022.
             Killed from afar by a steam dragon (23 damage)
             ... with a ball of steam
             ... on level 2 of the Dungeon.
             The game lasted 00:03:11 (2397 turns).

Antichthon the Covered (Gargoyle Fighter)           Turns: 2397, Time: 00:03:12

Health: -4/29      AC: 14    Str: 19    XL:     4   Next: 66%
Magic:  4/4        EV:  9    Int: 11    God:
Gold:   115        SH:  4    Dex:  9    Spells: 3/3 levels left

rFire   . . .      SeeInvis .   a - +0 flail
rCold   . . .      Faith    .   c - +0 buckler
rNeg    + + .      Spirit   .   b - +0 scale mail
rPois   ∞          Reflect  .   (no helmet)
rElec   +          Harm     .   (no cloak)
rCorr   .          Rampage  .   g - +2 pair of gloves {hurl}
Will    .....                   j - +0 pair of boots
Stlth   ..........              (no amulet)
HPRegen 0.09/turn               f - ring of positive energy
MPRegen 0.09/turn               (no ring)

@: no status effects
A: sickness immunity, AC +3, negative energy resistance 1, electricity
resistance, torment resistance 1, petrification resistance
a: no special abilities


You were on level 2 of the Dungeon.
You visited 1 branch of the dungeon, and saw 3 of its levels.

You collected 115 gold pieces.

Inventory:

Hand Weapons
 a - a +0 flail (weapon)
Missiles
 h - 5 silver javelins (quivered)
Armour
 b - a +0 scale mail (worn)
 c - a +0 buckler (worn)
 g - a +2 pair of gloves of hurling (worn)
 j - a +0 pair of boots (worn)
Jewellery
 f - a ring of positive energy (left hand)
Potions
 d - a potion of might
 e - a potion of ambrosia
 i - a potion of heal wounds {unknown}


   Skills:
 * Level 3.8 Fighting
 * Level 2.9 Maces & Flails
 * Level 0.4 Throwing
 * Level 3.8 Armour
 * Level 0.8 Dodging
 * Level 3.7 Shields
 * Level 0.8 Invocations


You had 3 spell levels left.
You didn't know any spells.
Your spell library contained the following spells:

 Spells                   Type           Power      Damage    Failure   Level
 Airstrike                Air            0%         N/A       100%        4
 Summon Lightning Spire   Summ/Air       0%         N/A       100%        4
 Lightning Bolt           Conj/Air       0%         1d11      100%        5


Dungeon Overview and Level Annotations

Branches:
Dungeon (3/15)

Altars:


Innate Abilities, Weirdness & Mutations

You are immune to sickness and miasma.
Your stone body is resilient. (AC +3)
You are immune to poison.
You resist negative energy. (rN+)
You are resistant to electric shocks. (rElec)
You are resistant to unholy torment.
You are immune to petrification.


Message History

There is a stone staircase leading up here.
Unknown command.
The steam dragon misses you. The steam dragon claws you.
You climb upwards.
There is a stone staircase leading down here.
Unknown command.
You closely miss the steam dragon. The steam dragon barely misses you.
The steam dragon claws you but does no damage.
The steam dragon bites you but does no damage.
The steam dragon claws you but does no damage.
You hit the steam dragon but do no damage.
The steam dragon closely misses you. You block the steam dragon's attack.
You sock the steam dragon!
The steam dragon is moderately wounded.
The steam dragon bites you but does no damage.
The steam dragon claws you but does no damage.
You hit the steam dragon but do no damage.
The steam dragon is moderately wounded.
The steam dragon breathes steam at you. The ball of steam misses you.
The steam dragon bites you but does no damage.
The steam dragon claws you.
You closely miss the steam dragon.
The steam dragon is moderately wounded.
You are engulfed in a cloud of scalding steam.
The steam dragon bites you.
The steam dragon claws you but does no damage.
You closely miss the steam dragon.
The steam dragon is moderately wounded.
You block the steam dragon's attack. The steam dragon barely misses you.
You hit the steam dragon but do no damage.
The steam dragon is moderately wounded.
The steam dragon bites you but does no damage.
You block the steam dragon's attack.
You barely miss the steam dragon.
The steam dragon is moderately wounded.
The steam dragon breathes steam at you. The ball of steam hits you!!
Ouch! That really hurt!
You die...

############# #...........#
#.#########.# #.# #.# #.# #.#
#.#########.# ##
#....@......# .####
#....D..###.#
#...########...###.# #.#
.##.......>....# #.# #.#
.#########.....# #.#
#.######### .# #...........#
#.# #.........# .#
#.#####.....###.###.#######.#
.###.#
##............#######.#
.##..# ########..........##)#


You could see a steam dragon (catching breath).

Vanquished Creatures
  3 adders (D:2)
  2 worms (D:2)
  2 dart slugs (D:1)
  4 orcs (D:3)
  6 bats
  7 endoplasms
  2 giant cockroaches
  3 goblins
  6 hobgoblins
  3 jackals (D:1)
  2 quokkas
  3 frilled lizards
  4 kobolds
  6 rats
53 creatures vanquished.

Vanquished Creatures (others)
  An endoplasm (D:3)
1 creature vanquished.

Grand Total: 54 creatures vanquished

Notes
Turn   | Place    | Note
-------+----------+-------------------------------------------
     0 | D:1      | Antichthon the Gargoyle Fighter began the quest for the
                  | Orb.
     0 | D:1      | Reached XP level 1. HP: 14/14 MP: 1/1
   120 | D:1      | Reached XP level 2. HP: 19/19 MP: 2/2
   473 | D:1      | Reached XP level 3. HP: 22/24 MP: 3/3
   944 | D:1      | Identified a scroll of acquirement
   944 | D:1      | Acquired a +1 pair of gloves of hurling
  1348 | D:2      | Reached XP level 4. HP: 14/29 MP: 4/4
  2191 | D:3      | Noticed a steam dragon
  2397 | D:2      | Killed from afar by a steam dragon

Illustrated notes

Levels and vault maps discovered:
D:1:      psy_arrival_whirlpool, layout_loops_ring, chequers_decorated_corner,
          minivault_19, minivault_14
D:2:      layout_loops_ring
D:3:      kennysheep_big_flooded_room, layout_rooms,
          shapermc_ecumenical_altar_acropolis

Action                   |  1- 3 |  4- 6 || total
-------------------------+-------+-------++-------
Melee: Flail             |   126 |    73 ||   199
  Use: Scroll            |     2 |     2 ||     4
Armor: Scale mail        |    69 |    57 ||   126
Dodge: Dodged            |    64 |    61 ||   125
Block: Buckler           |    35 |    27 ||    62

Table legend: (Time is in decaauts)
 A = Elapsed time spent in this place.
 B = Non-inter-level travel time spent in this place.
 C = Inter-level travel time spent in this place.
 D = Time resting spent in this place.
 E = Time spent auto-exploring this place.
 F = Levels seen in this place.
 G = Mean time per level.
                   A        B        C        D        E       F      G
               +--------+--------+--------+--------+--------+-----+--------+
         Total |   2464 |   2405 |     59 |    175 |   1649 |   3 |  821.3 |
       Dungeon |   2464 |   2405 |     59 |    175 |   1649 |   3 |  821.3 |
               +--------+--------+--------+--------+--------+-----+--------+

Top non-repeatable levels by time:
     D:2: 1251 daAuts
     D:1: 1022 daAuts
     D:3: 190 daAuts
